 Dungeon Crawl Stone Soup version 0.29.1-2-gbd0b4ee654 (webtiles) character file.

Game seed: 17850394851083396489

1399 KittyFluff the Cudgeller (level 8, 0/50 HPs)
             Began as a Gargoyle Berserker on Oct 26, 2022.
             Was a Priest of Trog.
             Killed from afar by an orc wizard (10 damage)
             ... with a puff of flame
             ... on level 7 of the Dungeon.
             The game lasted 00:27:55 (6054 turns).

KittyFluff the Cudgeller (Gargoyle Berserker)       Turns: 6054, Time: 00:27:56

Health: 0/50       AC: 18    Str: 20    XL:     8   Next: 69%
Magic:  8/8        EV: 12    Int: 11    God:    Trog [***...]
Gold:   318        SH:  0    Dex: 11    Spells: 7/7 levels left

rFire   . . .      SeeInvis .   I - +0 quarterstaff
rCold   . . .      Faith    .   (shield currently unavailable)
rNeg    + . .      Spirit   .   j - +0 leather armour
rPois   ∞          Reflect  .   p - +2 helmet
rElec   +          Harm     .   (no cloak)
rCorr   .          Rampage  .   l - +1 pair of gloves of Ixur {Int+2 Slay+4}
Will    .....                   (no boots)
Stlth   ++........              (no amulet)
HPRegen 0.16/turn               y - +4 ring of protection
MPRegen 0.11/turn               (no ring)

@: on berserk cooldown, slowed, very slow
A: sickness immunity, AC +5, negative energy resistance 1, electricity
resistance, torment resistance 1, petrification resistance
a: Renounce Religion, Berserk, Trog's Hand


You were on level 7 of the Dungeon.
You worshipped Trog.
Trog was most pleased with you.
You visited 1 branch of the dungeon, and saw 7 of its levels.

You collected 580 gold pieces.
You spent 262 gold pieces at shops.

Inventory:

Hand Weapons
 a - a +0 mace
 q - a +0 sling
 z - a +1 flail of venom
 H - a +3 dire flail of draining
 I - a +0 quarterstaff (weapon)
Missiles
 k - a throwing net
 v - 2 silver boomerangs
 C - 4 javelins
 F - 2 boomerangs (quivered)
Armour
 i - the +1 chain mail of Weleng {Rampage rPois Str+2}
   (You found it on level 5 of the Dungeon)

   Str:       It affects your strength (+2).
   rPois:     It protects you from poison.
   Rampage:   It bestows one free step when moving towards enemies.
 j - a +0 leather armour (worn)
 l - the +1 pair of gloves of Ixur (worn) {Int+2 Slay+4}
   (You found it on level 2 of the Dungeon)

   Int:       It affects your intelligence (+2).
   Slay:      It affects your accuracy & damage with ranged weapons and melee
   (+4).
 p - a +2 helmet (worn)
Jewellery
 y - a +4 ring of protection (left hand)
Scrolls
 b - a scroll of blinking {unknown}
 c - a scroll of magic mapping {unknown}
 d - a scroll of poison {unknown}
 f - a scroll of brand weapon {unknown}
 g - 3 scrolls of enchant weapon {unknown}
 n - a scroll of summoning {unknown}
 s - 2 scrolls of teleportation {unknown}
 w - a scroll of noise {unknown}
 A - 3 scrolls of vulnerability {unknown}
 B - a scroll of butterflies {unknown}
Potions
 e - a potion of mutation
 h - a potion of cancellation
 m - a potion of ambrosia {unknown}
 o - 2 potions of lignification {unknown}
 r - a potion of haste {unknown}
 t - 2 potions of curing {unknown}
 u - 3 potions of might {unknown}
 x - a potion of attraction {unknown}
 E - a potion of heal wounds
 G - a potion of resistance


   Skills:
 + Level 5.4 Fighting
 + Level 7.4 Maces & Flails
 + Level 0.2(4.5) Staves
 * Level 5.6 Armour
 + Level 3.7 Dodging
 + Level 2.3 Stealth


You had 7 spell levels left.
You didn't know any spells.
Your spell library contained the following spells:

 Spells                   Type           Power      Damage    Failure   Level
 Blink                    Tloc           0%         N/A       52%         2
 Lesser Beckoning         Tloc           0%         N/A       77%         3
 Manifold Assault         Tloc           0%         N/A       100%        5


Dungeon Overview and Level Annotations

Branches:
Dungeon (7/15)             Temple (0/1) D:4

Altars:
Makhleb
Qazlal

Shops:
D:1 :   D:6 [


Innate Abilities, Weirdness & Mutations

You are immune to sickness and miasma.
Your stone body is resilient. (AC +5)
You are immune to poison.
You resist negative energy. (rN+)
You are resistant to electric shocks. (rElec)
You are resistant to unholy torment.
You are immune to petrification.


Message History

Items here: )) [ †.
You hit the orc.
You kill the orc!
Trog accepts your kill.
An orc wizard comes into view. It is wielding a +0 dagger.
An orc warrior comes into view. It is wielding a +0 short sword.
An orc priest comes into view. It is wielding a +0 club.
The orc priest shouts!
You hear a shout!
The orc priest begins to cast a cantrip, but forgets the words!
An orc comes into view. It is wielding a +0 flail.
The orc wizard points at you and mumbles some strange words.
The magic dart hits you.
* * * LOW HITPOINT WARNING * * *
The orc priest miscasts a cantrip.
You open the door.
There is an open door here.
You close the door.
An orc wizard opens the door.
Throw: 2 boomerangs
Press: ? - help, Q - select action, (/) - cycle Shift-Dir - straight line, f - orc wizard
Aim: an orc wizard, wielding a +0 dagger and wearing a +0 robe (56% to hit)
You throw a boomerang. The boomerang hits the orc wizard.
The orc wizard is moderately wounded.
The orc wizard hits you but does no damage.
You closely miss the orc wizard.
The orc wizard is moderately wounded.
The orc wizard hits you but does no damage.
You miss the orc wizard.
The orc wizard is lightly wounded.
The orc priest casts a cantrip, but nothing happens.
The orc wizard barely misses you.
The orc priest calls upon Beogh to heal the orc wizard.
The orc wizard's wounds heal themselves!
The orc wizard barely misses you.
You hit the orc wizard but do no damage.
The orc wizard hits you but does no damage.
You hit the orc wizard.
The orc wizard is lightly wounded.
The orc wizard casts a spell at you. The puff of flame hits you!
You die...

##8.....8##..#
##.........##.#
###8.........8#.#
#.'...........+.#
#.#8.........8#.#
##.##.........##.#
#..###8.....8##..# ####.##
##.....###.## #....#
##8@8##...##########
#....# ##o##..............
#>†..# #oo########.#######
#<...## #.###### #.##
####..#
#.##...####..######
##.#####.##...............
#.....#)##..#############
###....)....# #.........#


You could see an orc priest, an orc wizard and an orc.

Vanquished Creatures
  Edmund (D:6)
  A water moccasin (D:6)
  A black bear (D:4)
  2 ogres
  2 centaurs (D:6)
  2 bullfrogs
  2 necrophages
  A howler monkey (D:4)
  3 jellies
  4 orc priests
  An iguana (D:6)
  An orc wizard (D:7)
  Robin (D:2)
  7 adders
  3 white imps
  An ufetubus (D:5)
  2 worms (D:3)
  2 dart slugs (D:4)
  16 orcs
  6 ball pythons
  6 bats
  4 endoplasms (D:1)
  5 giant cockroaches
  16 goblins
  6 hobgoblins
  10 jackals (D:1)
  7 kobolds
  2 quokkas
  4 frilled lizards
  4 rats
123 creatures vanquished.

Notes
Turn   | Place    | Note
-------+----------+-------------------------------------------
     0 | D:1      | KittyFluff the Gargoyle Berserker began the quest for the
                  | Orb.
     0 | D:1      | Reached XP level 1. HP: 14/14 MP: 1/1
   373 | D:1      | Reached XP level 2. HP: 19/19 MP: 2/2
   419 | D:1      | Found Zazufuen's Book Boutique.
   685 | D:1      | Reached XP level 3. HP: 19/23 MP: 3/3
   696 | D:1      | Reached ** piety under Trog
  1074 | D:2      | Identified the +1 pair of gloves of Ixur {Int+2 Slay+4}
  1789 | D:2      | Reached XP level 4. HP: 22/29 MP: 4/4
  1854 | D:2      | Reached skill level 4 in Maces & Flails
  1913 | D:2      | Noticed Robin
  1924 | D:2      | Killed Robin
  1954 | D:2      | Reached XP level 5. HP: 32/33 MP: 5/5
  2307 | D:3      | Reached skill level 1 in Stealth
  2423 | D:3      | Reached *** piety under Trog
  3037 | D:4      | Reached XP level 6. HP: 38/38 MP: 6/6
  3106 | D:4      | Found a staircase to the Ecumenical Temple.
  3181 | D:4      | Noticed a black bear
  3189 | D:4      | Killed a black bear
  3340 | D:4      | Reached skill level 5 in Maces & Flails
  3431 | D:4      | Found a burning altar of Makhleb.
  3901 | D:4      | Reached XP level 7. HP: 40/44 MP: 7/7
  4094 | D:5      | Entered Level 5 of the Dungeon
  4161 | D:5      | Identified the +1 chain mail of Weleng {Rampage rPois
                  | Str+2}
  4172 | D:5      | Found a stormy altar of Qazlal.
  4923 | D:6      | Reached skill level 6 in Maces & Flails
  4971 | D:6      | Reached skill level 5 in Fighting
  5010 | D:6      | Reached XP level 8. HP: 42/49 MP: 8/8
  5100 | D:6      | Reached skill level 5 in Armour
  5173 | D:6      | Found Cupuny's Antique Armour Emporium.
  5175 | D:6      | Noticed Edmund
  5186 | D:6      | Killed Edmund
  5441 | D:6      | Reached skill level 7 in Maces & Flails
  5889 | D:6      | Bought a runed helmet for 262 gold pieces
  6054 | D:7      | Killed from afar by an orc wizard

Illustrated notes

Levels and vault maps discovered:
D:1:      dpeg_arrival_arbitrary_b, layout_loops_ring, serial_shops,
          nicolae_shop_competitors_out_of_business, minmay_tromino_mix6
D:2:      layout_loops_cross, minmay_close_crescents, uniq_robin
D:3:      layout_basic, hangedman_decor_diamond_cutter
D:4:      layout_layer_cave, amcnicky_altar_gilded, minmay_temple_entry_glass
D:5:      layout_rooms, nicolae_overflow_hidden_temple, kennysheep_small_circle
D:6:      layout_loops_ring, serial_shops, nicolae_shop_statue_plus, uniq_edmund
D:7:      minmay_the_grid_triangle_9x9_rhombus_full
          [minmay_the_grid_triangle_9x9_longest,
          minmay_the_grid_triangle_9x9_skeleton,
          minmay_the_grid_triangle_9x9_zippers_vertical,
          minmay_the_grid_triangle_9x9_thin_v,
          minmay_the_grid_triangle_9x9_wacky_v,
          minmay_the_grid_triangle_9x9_empty,
          minmay_the_grid_triangle_9x9_steps,
          minmay_the_grid_triangle_9x9_prize_special], layout_rooms,
          dk_noncrumbling_4

Skill      XL: |  1  2  3  4  5  6  7  8 |
---------------+-------------------------+-----
Armour         | 3 4 5 |  5.6
Maces & Flails | 4 5 6 7 |  7.4
Dodging        | 2 3 |  3.7
Fighting       | 4 5 |  5.4
Stealth        | 1 2 |  2.3
Staves         | |  0.2

Action                   |  1- 3 |  4- 6 |  7- 9 || total
-------------------------+-------+-------+-------++-------
Melee: Mace              |   135 |   135 |       ||   270
       Punch             |     1 |     2 |     1 ||     4
       Flail             |       |    20 |    69 ||    89
       Quarterstaff      |       |       |    26 ||    26
Throw: Boomerang         |       |       |     1 ||     1
Invok: Berserk           |       |     1 |     1 ||     2
  Use: Scroll            |       |       |     5 ||     5
 Stab: Sleeping          |     1 |     1 |       ||     2
Armor: Animal skin       |     4 |       |       ||     4
       Robe              |    37 |    20 |       ||    57
       Leather armour    |       |    61 |    55 ||   116
Dodge: Dodged            |   108 |   118 |    56 ||   282
